 Dungeon Crawl Stone Soup version 0.31-a0-204-g7da18cac08 (webtiles) character file.

Game seed: 17511075787876798002

77 qw the Shooter (level 4, -2/25 HPs)
             Began as a Deep Elf Hunter on June 27, 2023.
             Killed from afar by Sigmund (7 damage)
             ... with a magic dart
             ... on level 3 of the Dungeon.
             The game lasted 00:00:44 (1708 turns).

qw the Shooter (Deep Elf Hunter)                    Turns: 1708, Time: 00:00:44

Health: -2/25      AC:  6    Str: 16    XL:     4   Next: 14%
Magic:  6/6        EV: 11    Int: 14    God:
Gold:   157        SH:  0    Dex: 18    Spells: 3/3 levels left

rFire   . . .        Y - +0 shortbow
rCold   + . .        (shield currently unavailable)
rNeg    + + +        f - +0 ring mail {rC+}
rPois   .            (no helmet)
rElec   .            (no cloak)
rCorr   +            (no gloves)
SInv    .            h - +0 pair of boots
Will    .....        (no amulet) Stlth
                     d - ring "Ceifounn" {rN+++ Will- rCorr Str+6}
HPRegen 0.24/turn    (no ring)
MPRegen 0.10/turn

%: no passive effects
@: confused
A: no striking features
a: no special abilities


You were on level 3 of the Dungeon.
You visited 1 branch of the dungeon, and saw 3 of its levels.

You collected 157 gold pieces.


   Skills:
 - Level 1.5 Fighting
 + Level 7.5 Ranged Weapons
 - Level 2.4 Dodging
 - Level 1.2 Stealth


You had 3 spell levels left.
You didn't know any spells.
Your spell library was empty.

Inventory:

Hand Weapons
 Y - a +0 shortbow (weapon)
Armour
 f - a +0 ring mail of cold resistance (worn)
 h - a +0 pair of boots (worn)
Jewellery
 d - the ring "Ceifounn" (left hand) {rN+++ Will- rCorr Str+6}
   (You found it on level 2 of the Dungeon)

   [ring of strength]

   Str:       It affects your strength (+6).
   rN:        It renders you almost immune to negative energy.
   rCorr:     It protects you from acid and corrosion.
   Will:      It decreases your willpower.
Scrolls
 e - 2 scrolls of identify {unknown}
 i - 2 scrolls of teleportation {unknown}
Potions
 a - a potion of curing {unknown}
 b - a potion of lignification {unknown}
 c - a potion of enlightenment {unknown}
 g - a potion of heal wounds {unknown}
 j - a potion of degeneration {unknown}

Dungeon Overview and Level Annotations

Branches:
Dungeon (3/15)

Altars:
Uskayaw

Annotations:
D:3 Sigmund


Message History

You shoot an arrow. The arrow barely misses Sigmund.
Sigmund gestures at you while chanting. You resist with significant effort.
You shoot an arrow.
The arrow hits the ball python but does no damage.
Sigmund gestures wildly while chanting.
Sigmund flickers and vanishes!
Deactivating autopickup; reactivate with Ctrl-A.
You shoot an arrow.
The arrow barely misses the ball python.
You shoot an arrow. The arrow hits the ball python.
The ball python is moderately wounded.
The ball python bites you but does no damage.
The ball python barely misses you. The ball python bites you.
The ball python barely misses you.
You shoot an arrow. The arrow hits the ball python.
You kill the ball python!
Something hits you.
You shoot an arrow. You shoot an arrow. Something hits you!
You shoot an arrow.
You hear some strange, mumbled words.
Something tries to affect you, but you resist.
You shoot an arrow. Something hits you!
You shoot an arrow. Something hits you.
You shoot an arrow. You shoot an arrow.
You hear some strange, mumbled words.
You are confused.
Something hits you.
You shoot an arrow. You shoot an arrow. Something hits you.
You shoot an arrow.
A magic dart appears from out of thin air!
The magic dart hits you!
You die...

###...........##....
#...........# ###
###.%.......
##...#.......
#....#.......
####.........
##........ #........
#@...#### #...).#..#
#....{#### #.....#
#.....# #.....#
#.....# #..[..#


There were no monsters in sight!

Vanquished Creatures
  Terence (D:2)
  2 adders (D:2)
  A worm (D:3)
  An orc (D:3)
  2 endoplasms (D:3)
  A giant cockroach (D:1)
  5 goblins
  5 hobgoblins
  A quokka (D:1)
  5 ball pythons
  2 bats
  6 kobolds
  A rat (D:3)
33 creatures vanquished.

Notes
Turn   | Place    | Note
-------+----------+-------------------------------------------
     0 | D:1      | qw the Deep Elf Hunter began the quest for the Orb.
     0 | D:1      | Reached XP level 1. HP: 12/12 MP: 3/3
     0 | D:1      | 0 ||| qw: Version: 0.3-a-22-g0ed2b0b
     0 | D:1      | 0 ||| qw: Game counter: 6448
     0 | D:1      | 0 ||| qw: Melee chars always use a shield: true
     0 | D:1      | 0 ||| qw: God list: Okawaru
     0 | D:1      | 0 ||| qw: Allow faded altars: false
     0 | D:1      | 0 ||| qw: Do Orc after clearing Dungeon:15 true
     0 | D:1      | 0 ||| qw: Do second Lair branch before Depths: true
     0 | D:1      | 0 ||| qw: Lair rune preference: random
     0 | D:1      | 0 ||| qw: Goals: Normal
     0 | D:1      | 0 ||| PLANNING D:1-11
   661 | D:1      | Reached XP level 2. HP: 16/16 MP: 4/4
   662 | D:1      | 662 ||| UPGRADING to +0 ring mail.
   672 | D:1      | 672 ||| DROPPING +0 leather armour.
   673 | D:1      | 673 ||| UPGRADING to +0 pair of boots.
   678 | D:1      | 678 ||| READING scroll labelled JENLIF GAMP.
   679 | D:1      | 679 ||| READING scroll labelled LAUMME COQELA.
   680 | D:1      | 680 ||| DRINKING 2 coppery potions.
   681 | D:1      | 681 ||| DROPPING scroll of butterflies.
   682 | D:1      | 682 ||| DROPPING potion of attraction.
   754 | D:2      | Reached skill level 6 in Ranged Weapons
  1174 | D:2      | Reached XP level 3. HP: 20/20 MP: 5/5
  1178 | D:2      | Found a hide-covered altar of Uskayaw.
  1210 | D:2      | Identified the ring "Ceifounn" {rN+++ Will- rCorr Str+6}
  1213 | D:2      | Noticed Terence
  1221 | D:2      | Killed Terence
  1222 | D:2      | Reached skill level 7 in Ranged Weapons
  1274 | D:2      | Found a faded altar of an unknown god.
  1464 | D:2      | 1464 ||| UPGRADING to +0 ring mail of cold resistance.
  1474 | D:2      | 1474 ||| DROPPING +0 ring mail.
  1475 | D:2      | 1475 ||| UPGRADING to ring "Ceifounn" {rN+++ Will- rCorr
                  | Str+6}.
  1476 | D:2      | 1476 ||| READING scroll labelled SONKUP ZODIKI.
  1477 | D:2      | 1477 ||| DRINKING 2 purple potions.
  1478 | D:2      | 1478 ||| DROPPING potion of brilliance.
  1513 | D:3      | Reached XP level 4. HP: 25/25 MP: 6/6
  1691 | D:3      | Noticed Sigmund
  1705 | D:3      | HP: 6/25 [something (2)]
  1708 | D:3      | Killed from afar by Sigmund

Levels and vault maps discovered:
D:1:      matt_arrival_spirals, layout_loops_ring
D:2:      layout_basic, shapermc_ecumenical_altar_ellora, serial_corexii_hall,
          chequers_hall_statues_y, corexii_hall_statues_i, basic_altar,
          serial_park_tiny_pond, nicolae_the_louvre, uniq_terence
D:3:      layout_rooms, regret_index_temple_of_mockery, glass_columns_a,
          minmay_cupped, uniq_sigmund

Skill      XL: |  1  2  3 |
---------------+----------+-----
Ranged Weapons | 6 7 |  7.5
Fighting       | |  1.5
Dodging        | |  2.4
Stealth        | |  1.2

Action                     |  1- 3 |  4- 6 || total
---------------------------+-------+-------++-------
   Fire: Shortbow          |    80 |    43 ||   123
    Use: Scroll            |     3 |       ||     3
         Potion            |     2 |       ||     2
 Armour: Ring mail         |     6 |    14 ||    20
  Dodge: Dodged            |    14 |    23 ||    37

Table legend:
 A = Non-vault XP
 B = Vault XP
 C = Vault XP percentage of total XP
 D = Non-vault monster count
 E = Vault monster count
 F = Vault count percentage of total count
                 A         B        C        D         E       F
            +---------+---------+-------+---------+---------+-------
      Total |      79 |      32 |  28.8 |      32 |       1 |   3.0
            +---------+---------+-------+---------+---------+-------
        D:1 |      12 |       0 |   0.0 |       8 |       0 |   0.0
        D:2 |      44 |      32 |  42.1 |      12 |       1 |   7.7
        D:3 |      23 |       0 |   0.0 |      12 |       0 |   0.0
            +---------+---------+-------+---------+---------+-------
